 Dungeon Crawl Stone Soup version 0.30-a0-760-g5a9884bb7c (webtiles) character file.

Game seed: 4602560311608651767

39 BigDaddyOpFi the Trooper (level 3, -4/29 HPs)
             Began as a Demonspawn Chaos Knight on Feb 10, 2023.
             Was a Plaything of Xom.
             Slain by a gnoll
             ... wielding a +0 club
              (6 damage)
             ... on level 2 of the Dungeon.
             The game lasted 00:01:17 (1487 turns).

BigDaddyOpFi the Trooper (Demonspawn Chaos Knight)  Turns: 1487, Time: 00:01:18

Health: -4/29      AC: 10    Str: 14    XL:     3   Next: 26%
Magic:  12/12      EV:  6    Int: 13    God:    Xom [....*.]
Gold:   75         SH:  0    Dex: 12    Spells: 2/2 levels left

rFire   . . .      SeeInvis .    a - +0 hand axe (chaos)
rCold   . . .      Faith    .    (no shield)
rNeg    . . .      Spirit   .    f - +0 chain mail
rPois   .          Reflect  .    (no helmet)
rElec   .          Harm     .    (no cloak)
rCorr   .          Rampage  .    (no gloves)
Will    .....                    (no boots) Stlth
                                 (no amulet)
HPRegen 0.24/turn                d - ring of magical power
MPRegen 0.13/turn                (no ring)

@: invisible
A: molten scales 1
a: Renounce Religion


You were on level 2 of the Dungeon.
You worshipped Xom.
You were a beloved toy of Xom.
You visited 1 branch of the dungeon, and saw 2 of its levels.

You collected 75 gold pieces.

Inventory:

Hand Weapons
 a - a +0 hand axe of chaos (weapon)
Armour
 f - a +0 chain mail (worn)
Jewellery
 b - a ring of protection from cold
 d - a ring of magical power (left hand)
Scrolls
 g - a scroll of immolation {unknown}
 h - a scroll of enchant weapon {unknown}
Miscellaneous
 c - a piece from Xom's chessboard (15/15) (quivered)


   Skills:
 + Level 3.4 Fighting
 + Level 3.0 Axes
 + Level 2.2 Armour
 + Level 1.5 Dodging


You had 2 spell levels left.
You didn't know any spells.
Your spell library was empty.

Dungeon Overview and Level Annotations

Branches:
Dungeon (2/15)

Altars:


Innate Abilities, Weirdness & Mutations

You are partially covered in molten scales. (AC +2)


Message History

Deactivating autopickup; reactivate with Ctrl-A.
There are monsters nearby!
The gnoll hits you with a +0 whip.
There are monsters nearby!
You hit the gnoll. You burn the gnoll.
The gnoll is heavily wounded.
You miss something. The gnoll hits you with a +0 whip. Something hits you.
The gnoll hits you but does no damage. x2; The gnoll hits you with a +0 whip.
You emit a cloud of colourful smoke!
You hit the gnoll. You burn the gnoll.
You kill the gnoll!
You hit something. You freeze something. The gnoll barely misses you.
Something hits you but does no damage. The gnoll hits you but does no damage.
Something hits you.
A gnoll is nearby!
You hit the gnoll. You freeze the gnoll.
The gnoll is severely wounded.
You closely miss something. The gnoll closely misses you.
Something hits you but does no damage.
You hit the gnoll but do no damage.
The gnoll is severely wounded.
You hit something.
Space warps around something.
The gnoll hits you with a +0 spear. Something hits you but does no damage.
You hit the gnoll but do no damage.
The gnoll is severely wounded.
You hit something but do no damage. Something hits you.
The gnoll barely misses you. Something hits you.
You are too injured to fight recklessly!
You hit the gnoll.
You feel better.
The gnoll is almost dead.
You hit something. You freeze something. Something hits you.
The gnoll barely misses you. Something hits you!
* * * LOW HITPOINT WARNING * * *
It was a potion of invisibility.
You fade into invisibility!
The gnoll barely misses you. Something hits you but does no damage.
You closely miss the gnoll.
The gnoll is severely wounded.
You miss something. Something hits you.
You die...

####### ### .....#
... ..#.# . .. #g#.#
#...#.#@#.##########
#.....§§§..........##
#.....#§#.###.......#
#.....§.§.# #...##..#
.# ###.#######
#...##..# .# #.
#...##..# .# #
#...##..# .#
#...##..# .#
#...##..#


You could see a gnoll (unable to see you).

Vanquished Creatures
  A gnoll (D:2)
  A worm (D:2)
  2 endoplasms
  2 giant cockroaches (D:1)
  4 goblins (D:1)
  4 hobgoblins
  3 kobolds (D:1)
  2 quokkas (D:1)
  A ball python (D:1)
  2 bats
  2 rats (D:1)
24 creatures vanquished.

Notes
Turn   | Place    | Note
-------+----------+-------------------------------------------
     0 | D:1      | BigDaddyOpFi the Demonspawn Chaos Knight began the quest
                  | for the Orb.
     0 | D:1      | Reached XP level 1. HP: 18/18 MP: 1/1
   126 | D:1      | Reached skill level 1 in Dodging
   319 | D:1      | Gained mutation: You are partially covered in molten
                  | scales. (AC +2) [demonic ancestry]
   319 | D:1      | Reached XP level 2. HP: 24/24 MP: 2/2
   333 | D:1      | XOM: silly message
   370 | D:1      | XOM: silly message
   418 | D:1      | XOM: silly message
   634 | D:1      | XOM: god gift: 22 gold pieces
  1435 | D:2      | Reached XP level 3. HP: 21/29 MP: 3/3
  1477 | D:2      | XOM: enchant monster (bad)
  1479 | D:2      | XOM: smoke on damage
  1485 | D:2      | HP: 1/29 [something (9)]
  1487 | D:2      | Slain by a gnoll

Illustrated notes

Levels and vault maps discovered:
D:1:      lordsloth_arrival_two_stooges, layout_basic, minmay_misc_feat_pillars
D:2:      layout_loops_corners

Skill      XL: |  1  2 |
---------------+-------+-----
Dodging        | 1 |  1.5
Armour         | 2 |  2.2
Axes           | 3 |  3.0
Fighting       | |  3.4

Action                     || total
---------------------------++-------
  Melee: Hand axe          ||    75
         Punch             ||     1
    Use: Scroll            ||     1
         Potion            ||     1
 Armour: Chain mail        ||    38
         Leather armour    ||     2
  Dodge: Dodged            ||    29

Table legend: (Time is in decaauts)
 A = Elapsed time spent in this place.
 B = Non-inter-level travel time spent in this place.
 C = Inter-level travel time spent in this place.
 D = Time resting spent in this place.
 E = Time spent auto-exploring this place.
 F = Levels seen in this place.
 G = Mean time per level.
                   A        B        C        D        E       F      G
               +--------+--------+--------+--------+--------+-----+--------+
         Total |   1498 |   1475 |     23 |      0 |   1272 |   2 |  749.0 |
       Dungeon |   1498 |   1475 |     23 |      0 |   1272 |   2 |  749.0 |
               +--------+--------+--------+--------+--------+-----+--------+

Top non-repeatable levels by time:
     D:1: 1058 daAuts
     D:2: 440 daAuts
